 Dungeon Crawl Stone Soup version 0.28-a0-1167-g616b1c6417 (webtiles) character file.

Game seed: 18424165567092250088

14 LadyOphelia the Vexing (level 2, 0/16 HPs)
             Began as a Deep Elf Arcane Marksman on Dec 16, 2021.
             Slain by a kobold (2 damage)
             ... on level 1 of the Dungeon.
             The game lasted 00:01:51 (435 turns).

LadyOphelia the Vexing (Deep Elf Arcane Marksman)    Turns: 435, Time: 00:01:51

Health: 0/16       AC:  2    Str:  7    XL:     2   Next: 31%
Magic:  6/6        EV: 12    Int: 17    God:
Gold:   11         SH:  0    Dex: 15    Spells: 3/4 levels left

rFire   . . .      SeeInvis .   b - +0 dagger
rCold   . . .      Faith    .   (no shield)
rNeg    . . .      Spirit   .   d - +0 robe
rPois   .          Reflect  .   (no helmet)
rElec   .          Harm     .   (no cloak)
rCorr   .          Rampage  .   (no gloves)
Will    .....                   (no boots)
Stlth   +.........              (no amulet)
HPRegen 0.05/turn               (no ring)
MPRegen 0.10/turn               (no ring)

@: no status effects
A: no striking features
a: no special abilities


You were on level 1 of the Dungeon.
You visited 1 branch of the dungeon, and saw 1 of its levels.

You collected 11 gold pieces.

Inventory:

Hand Weapons
 a - a +0 shortbow
 b - a +0 dagger (weapon)
Missiles
 c - 3 arrows
Armour
 d - a +0 robe (worn)
Scrolls
 e - a scroll of enchant weapon {unknown}


   Skills:
 + Level 1.0 Fighting
 + Level 3.0 Bows
 + Level 2.4 Dodging
 + Level 1.5 Spellcasting
 + Level 4.7 Hexes


You had 3 spell levels left.
You knew the following spells:

 Your Spells              Type           Power      Damage    Failure   Level
a - Slow                  Hex            68%        N/A       3%          1

Your spell library contained the following spells:

 Spells                   Type           Power      Damage    Failure   Level
 Inner Flame              Hex/Fire       9%         N/A       24%         3
 Portal Projectile        Hex/Tloc       18%        N/A       24%         3
 Cause Fear               Hex            8%         N/A       30%         4


Dungeon Overview and Level Annotations

Branches:
Dungeon (1/15)

Altars:


Message History

You kill the endoplasm!
A hobgoblin comes into view.
The kobold throws a stone.
The stone hits you but does no damage.
You shoot an arrow. The hobgoblin shouts!
The arrow hits the dart slug.
The dart slug is moderately wounded.
The kobold throws a stone.
The stone barely misses you. The dart slug launches a dart at you.
The slug dart hits you.
You shoot an arrow. The arrow hits the dart slug.
The dart slug is severely wounded.
The dart slug launches a dart at you. The slug dart hits you.
You are too injured to fight recklessly!
You are too injured to fight recklessly!
You are too injured to fight recklessly!
You are too injured to fight recklessly!
You are too injured to fight recklessly!
b - a +0 dagger (weapon)
You barely miss the kobold. The kobold closely misses you.
You barely miss the kobold. The kobold closely misses you.
You hit the kobold.
You kill the kobold!
You closely miss the kobold. The kobold hits you with a +0 dagger.
* * * LOW HITPOINT WARNING * * *
You hit the kobold.
The kobold is moderately wounded.
The kobold barely misses you.
You hit the kobold.
The kobold is severely wounded.
The kobold misses you.
You hit the kobold but do no damage.
The kobold is heavily wounded.
The kobold hits you with a +0 dagger.
* * * LOW HITPOINT WARNING * * *
You hit the kobold.
The kobold is severely wounded.
The kobold hits you with a +0 dagger.
You die...

# #.# #.# #.# #.... #.#
#.# ##.#### ##.##. ..#
#.# #.....# #..#.. ...
#.# #.....######...._
..#.#.#
#.............#.. ....
#..........##.##. .....
#......###.##....
......####.##.#.........
[.((.wK@...##.#.#.######
...(.g#######(....# #
((... ###.### # (... #.#
# .#. #######.#### # ..
...........##### .
##.#######.#.... #..≈..≈
#....≈.


You could see a dart slug, a hobgoblin and a kobold.

Vanquished Creatures
  A dart slug (D:1)
  A ball python (D:1)
  2 endoplasms (D:1)
  A goblin (D:1)
  A hobgoblin (D:1)
  A quokka (D:1)
  2 bats (D:1)
  2 kobolds (D:1)
  A rat (D:1)
12 creatures vanquished.

Notes
Turn   | Place    | Note
-------+----------+-------------------------------------------
     0 | D:1      | LadyOphelia the Deep Elf Arcane Marksman began the quest
                  | for the Orb.
     0 | D:1      | Reached XP level 1. HP: 11/11 MP: 5/5
   223 | D:1      | Reached skill level 1 in Fighting
   237 | D:1      | Reached XP level 2. HP: 11/16 MP: 6/6
   390 | D:1      | Found a faded altar of an unknown god.
   435 | D:1      | Slain by a kobold

Illustrated notes

Levels and vault maps discovered:
D:1:      minmay_arrival_radiant_lines, layout_loops_ring,
          ebering_ecumenical_altar_box, chequers_serial_rivers_small_3

Skill      XL: |  1  2 |
---------------+-------+-----
Fighting       | 1 |  1.0
Bows           | 3 |  3.0
Dodging        | |  2.4
Spellcasting   | |  1.5
Hexes          | |  4.7

Action                   || total
-------------------------++-------
Melee: Dagger            ||     8
 Fire: Shortbow          ||    33
Armor: Robe              ||     4
Dodge: Dodged            ||    10

Table legend: (Time is in decaauts)
 A = Elapsed time spent in this place.
 B = Non-inter-level travel time spent in this place.
 C = Inter-level travel time spent in this place.
 D = Time resting spent in this place.
 E = Time spent auto-exploring this place.
 F = Levels seen in this place.
 G = Mean time per level.
                   A        B        C        D        E       F      G
               +--------+--------+--------+--------+--------+-----+--------+
         Total |    441 |    441 |      0 |      0 |    312 |   1 |  441.0 |
       Dungeon |    441 |    441 |      0 |      0 |    312 |   1 |  441.0 |
               +--------+--------+--------+--------+--------+-----+--------+

Top non-repeatable levels by time:
     D:1: 441 daAuts
